| TOP OF THE 1ST |
|
San Diego (APP) Padres batting - Pitching for Helena Brewers : LHP Hiroshi Matsuda
|
|
Pitching: LHP Hiroshi Matsuda
|
|
|
Batting: RHB Elias Vences
|
0-0: Called Strike 0-1: Ball 1-1: Ball 2-1: Ball 3-1: Foul Ball, location: 2F 3-2: Base on Balls
|
|
Batting: RHB Max Stillo
|
0-0: Hit by Pitch Elias Vences to second
|
|
Batting: LHB Carlos Cuellar
|
0-0: Called Strike 0-1: Ball 1-1: Grounds into double play, 4-6-3 (Groundball, 4, EV 78.1 MPH) Elias Vences to third
|
|
Batting: RHB Bryan Pitcher
|
0-0: Ball 1-0: Called Strike 1-1: Swinging Strike 1-2: Ball 2-2: Ball 3-2: Base on Balls
|
|
Batting: SHB Isaiah Scates
|
0-0: Ball 1-0: Ball 2-0: Ball 3-0: Foul Ball, location: 2F 3-1: Swinging Strike 3-2: Base on Balls Bryan Pitcher to second
|
|
Batting: RHB Ricardo Ortiz
|
0-0: Called Strike 0-1: SINGLE (Groundball, 6MD, EV 96.9 MPH) Elias Vences scores Bryan Pitcher to third Isaiah Scates to second Runner from 3rd tries for Home, SAFE, throw by CF to home
|
|
Batting: RHB Mike MacLeod
|
0-0: Ball 1-0: Ball 2-0: Called Strike 2-1: Ball 3-1: Foul Ball, location: 2F 3-2: Strikes out swinging
|
| Top of the 1st over - 2 runs, 1 hit, 0 errors, 2 left on base; San Diego (APP) 2 - Helena 0 |
| BOTTOM OF THE 1ST |
|
Helena Brewers batting - Pitching for San Diego (APP) Padres : LHP Dae-Jung Cho
|
|
Pitching: LHP Dae-Jung Cho
|
|
|
Batting: RHB Jose Cerritos
|
0-0: Ball 1-0: Called Strike 1-1: DOUBLE (Flyball, 8LD, EV 103.1 MPH)
|
|
Batting: RHB Victor Alarcon
|
0-0: Ball 1-0: Called Strike 1-1: Ground out 6-3 (Groundball, 6, EV 103.8 MPH)
|
|
Batting: RHB Ryan Miller
|
0-0: Ball Wild Pitch! Jose Cerritos to third 1-0: Ball 2-0: Ball 3-0: Called Strike 3-1: Foul Ball, location: 2F 3-2: Ground out 5-3 (Groundball, 56S, EV 76.2 MPH) Jose Cerritos scores
|
|
Batting: LHB Karel Hort
|
0-0: Ball 1-0: SOLO HOME RUN (Line Drive, 9LD, EV 95.6 MPH), Distance : 348 ft
|
|
Batting: RHB Alfredo Sena
|
0-0: Called Strike 0-1: Swinging Strike 0-2: Strikes out looking
|
| Bottom of the 1st over - 2 runs, 2 hits, 0 errors, 0 left on base; San Diego (APP) 2 - Helena 2 |
| TOP OF THE 2ND |
|
San Diego (APP) Padres batting - Pitching for Helena Brewers : LHP Hiroshi Matsuda
|
|
Batting: RHB Brian Klinkner
|
0-0: Ball 1-0: Ball 2-0: Ball 3-0: Called Strike 3-1: Swinging Strike 3-2: Strikes out looking
|
|
Batting: RHB Hugo Montemayor
|
0-0: Ball 1-0: Called Strike 1-1: Called Strike 1-2: Ball 2-2: Ground out 1-3 (Groundball, 13S, EV 73.1 MPH)
|
|
Batting: RHB Elias Vences
|
0-0: Called Strike 0-1: Swinging Strike 0-2: Ball 1-2: Foul Ball, location: 2F 1-2: Foul Ball, location: 2F 1-2: Ball 2-2: Strikes out swinging
|
| Top of the 2nd over - 0 runs, 0 hits, 0 errors, 0 left on base; San Diego (APP) 2 - Helena 2 |
| BOTTOM OF THE 2ND |
|
Helena Brewers batting - Pitching for San Diego (APP) Padres : LHP Dae-Jung Cho
|
|
Batting: SHB Orlando Torres
|
0-0: Foul Ball, location: 2F 0-1: Foul Ball, location: 2F 0-2: Strikes out swinging
|
|
Batting: LHB Mark Backstrom
|
0-0: Ball 1-0: Ball 2-0: Ground out 3-1 (Groundball, 34, EV 99.4 MPH)
|
|
Batting: RHB Jesus Menjivar
|
0-0: Ball 1-0: Foul Ball, location: 2F 1-1: Called Strike 1-2: Ball 2-2: Ball 3-2: Strikes out swinging
|
| Bottom of the 2nd over - 0 runs, 0 hits, 0 errors, 0 left on base; San Diego (APP) 2 - Helena 2 |
| TOP OF THE 3RD |
|
San Diego (APP) Padres batting - Pitching for Helena Brewers : LHP Hiroshi Matsuda
|
|
Batting: RHB Max Stillo
|
0-0: Ball 1-0: Called Strike 1-1: Swinging Strike 1-2: Foul Ball, location: 2F 1-2: Strikes out swinging
|
|
Batting: LHB Carlos Cuellar
|
0-0: Foul Ball, location: 2F 0-1: Ball 1-1: Fly out, F8 (Line Drive, 8RM, EV 95.6 MPH)
|
|
Batting: RHB Bryan Pitcher
|
0-0: SINGLE (Groundball, 4MD, EV 94.4 MPH)
|
|
Batting: SHB Isaiah Scates
|
0-0: Ball 1-0: TRIPLE (Flyball, 78XD, EV 92.5 MPH) Bryan Pitcher scores
|
|
Batting: RHB Ricardo Ortiz
|
0-0: Ball 1-0: Foul Ball, location: 2F 1-1: Swinging Strike 1-2: Ball 2-2: Foul Ball, location: 2F 2-2: Ball 3-2: Strikes out swinging
|
| Top of the 3rd over - 1 run, 2 hits, 0 errors, 1 left on base; San Diego (APP) 3 - Helena 2 |
| BOTTOM OF THE 3RD |
|
Helena Brewers batting - Pitching for San Diego (APP) Padres : LHP Dae-Jung Cho
|
|
Batting: LHB Greg Reedy
|
0-0: Ball 1-0: Ball 2-0: Swinging Strike 2-1: Ball 3-1: Foul Ball, location: 2F 3-2: Base on Balls
|
|
Batting: RHB Jose Cerritos
|
0-0: Ball 1-0: Called Strike 1-1: Ball 2-1: Foul Ball, location: 2F 2-2: Fielders Choice at 2nd, 1-6 (Groundball, 34S, EV 68.1 MPH)
|
|
Batting: RHB Victor Alarcon
|
0-0: Called Strike Jose Cerritos steals 2nd base 0-1: Ball 1-1: TRIPLE (Groundball, 3L, EV 106.2 MPH) Jose Cerritos scores
|
|
Batting: RHB Ryan Miller
|
0-0: Called Strike 0-1: Ground out 4-3 (Groundball, 4, EV 103.8 MPH) Victor Alarcon scores
|
|
Batting: LHB Karel Hort
|
0-0: Called Strike 0-1: Ball 1-1: Swinging Strike 1-2: Ground out 4-3 (Groundball, 4, EV 83.8 MPH)
|
| Bottom of the 3rd over - 2 runs, 1 hit, 0 errors, 0 left on base; San Diego (APP) 3 - Helena 4 |
| TOP OF THE 4TH |
|
San Diego (APP) Padres batting - Pitching for Helena Brewers : LHP Hiroshi Matsuda
|
|
Batting: RHB Mike MacLeod
|
0-0: Called Strike 0-1: Ball 1-1: Ball 2-1: Foul Ball, location: 2F 2-2: Foul Ball, location: 2F 2-2: SOLO HOME RUN (Line Drive, 7LD, EV 95.6 MPH), Distance : 356 ft
|
|
Batting: RHB Brian Klinkner
|
0-0: Called Strike 0-1: Foul Ball, location: 2F 0-2: Strikes out swinging
|
|
Pitching: LHP Tony Salazar
|
|
|
Batting: RHB Hugo Montemayor
|
0-0: Foul Ball, location: 2F 0-1: Ball 1-1: Ball 2-1: Ball 3-1: Swinging Strike 3-2: Foul Ball, location: 2F 3-2: Strikes out swinging
|
|
Batting: RHB Elias Vences
|
0-0: Ball 1-0: Ball 2-0: Ball 3-0: Hit by Pitch
|
|
Batting: RHB Max Stillo
|
0-0: Ball 1-0: Foul Ball, location: 2F 1-1: Ball 2-1: Called Strike 2-2: Foul Ball, location: 2F 2-2: Ball 3-2: Foul Ball, location: 2F 3-2: Foul Ball, location: 2F 3-2: Ground out U3 (Groundball, 3, EV 85.6 MPH)
|
| Top of the 4th over - 1 run, 1 hit, 0 errors, 1 left on base; San Diego (APP) 4 - Helena 4 |
| BOTTOM OF THE 4TH |
|
Helena Brewers batting - Pitching for San Diego (APP) Padres : LHP Dae-Jung Cho
|
|
Batting: RHB Alfredo Sena
|
0-0: SINGLE (Groundball, 4MD, EV 112.5 MPH)
|
|
Batting: SHB Orlando Torres
|
0-0: Ball 1-0: SINGLE (Groundball, 56D, EV 98.8 MPH) Alfredo Sena to second
|
|
Batting: LHB Mark Backstrom
|
0-0: Ball 1-0: Ball 2-0: Called Strike 2-1: Ball 3-1: Called Strike 3-2: SINGLE (Flyball, 78S, EV 95.0 MPH) Alfredo Sena to third Orlando Torres to second
|
|
Batting: RHB Jesus Menjivar
|
0-0: Swinging Strike 0-1: Swinging Strike 0-2: Ball 1-2: Foul Ball, location: 2F 1-2: Ball 2-2: Strikes out swinging
|
|
Batting: LHB Greg Reedy
|
0-0: Ball 1-0: Ball 2-0: Ball 3-0: Called Strike 3-1: Base on Balls Alfredo Sena scores Orlando Torres to third Mark Backstrom to second
|
|
Batting: RHB Jose Cerritos
|
0-0: Foul Ball, location: 2F 0-1: Ball 1-1: Ball 2-1: Ball 3-1: Foul Ball, location: 2F 3-2: Foul Ball, location: 2F 3-2: Grounds into double play, 5-4-3 (Groundball, 56S, EV 84.4 MPH)
|
| Bottom of the 4th over - 1 run, 3 hits, 0 errors, 2 left on base; San Diego (APP) 4 - Helena 5 |
| TOP OF THE 5TH |
|
San Diego (APP) Padres batting - Pitching for Helena Brewers : LHP Tony Salazar
|
|
Batting: LHB Carlos Cuellar
|
0-0: Called Strike 0-1: Foul Ball, location: 2F 0-2: Strikes out swinging
|
|
Batting: RHB Bryan Pitcher
|
0-0: Called Strike 0-1: Foul Ball, location: 2F 0-2: Strikes out swinging
|
|
Batting: SHB Isaiah Scates
|
0-0: Ball 1-0: DOUBLE (Flyball, 8RXD, EV 91.9 MPH)
|
|
Batting: RHB Ricardo Ortiz
|
0-0: Foul Ball, location: 2F 0-1: Foul Ball, location: 2F 0-2: Foul Ball, location: 2F 0-2: Ball 1-2: Ball 2-2: Foul Ball, location: 2F 2-2: Ground out 4-3 (Groundball, 4, EV 102.5 MPH)
|
| Top of the 5th over - 0 runs, 1 hit, 0 errors, 1 left on base; San Diego (APP) 4 - Helena 5 |
| BOTTOM OF THE 5TH |
|
Helena Brewers batting - Pitching for San Diego (APP) Padres : LHP Dae-Jung Cho
|
|
Batting: RHB Victor Alarcon
|
0-0: Ball 1-0: Swinging Strike 1-1: Foul Ball, location: 2F 1-2: Foul Ball, location: 2F 1-2: Ball 2-2: Ball 3-2: Strikes out swinging
|
|
Batting: RHB Ryan Miller
|
0-0: Ball 1-0: Called Strike 1-1: Foul Ball, location: 2F 1-2: Foul Ball, location: 2F 1-2: Strikes out looking
|
|
Batting: LHB Karel Hort
|
0-0: Called Strike 0-1: Ground out 1-3 (Groundball, 13S, EV 75.6 MPH)
|
| Bottom of the 5th over - 0 runs, 0 hits, 0 errors, 0 left on base; San Diego (APP) 4 - Helena 5 |
| TOP OF THE 6TH |
|
San Diego (APP) Padres batting - Pitching for Helena Brewers : LHP Tony Salazar
|
|
Batting: RHB Mike MacLeod
|
0-0: Called Strike 0-1: Ground out 5-3 (Groundball, 5S, EV 80.0 MPH)
|
|
Batting: RHB Brian Klinkner
|
0-0: Foul Ball, location: 2F 0-1: Foul Ball, location: 2F 0-2: Foul Ball, location: 2F 0-2: Ball 1-2: Fly out, F8 (Flyball, 8LD, EV 102.5 MPH)
|
|
Batting: RHB Hugo Montemayor
|
0-0: Fly out, F8 (Line Drive, 8RM, EV 90.6 MPH)
|
| Top of the 6th over - 0 runs, 0 hits, 0 errors, 0 left on base; San Diego (APP) 4 - Helena 5 |
| BOTTOM OF THE 6TH |
|
Helena Brewers batting - Pitching for San Diego (APP) Padres : LHP Dae-Jung Cho
|
|
Batting: RHB Alfredo Sena
|
0-0: Ball 1-0: Foul Ball, location: 2F 1-1: Ball 2-1: Foul Ball, location: 2F 2-2: Ball 3-2: Foul Ball, location: 2F 3-2: Base on Balls
|
|
Batting: SHB Orlando Torres
|
0-0: Ball 1-0: Called Strike 1-1: Foul Ball, location: 2F 1-2: Strikes out swinging
|
|
Batting: LHB Mark Backstrom
|
0-0: Grounds into double play, 4-6-3 (Groundball, 4, EV 108.1 MPH)
|
| Bottom of the 6th over - 0 runs, 0 hits, 0 errors, 0 left on base; San Diego (APP) 4 - Helena 5 |
| TOP OF THE 7TH |
|
San Diego (APP) Padres batting - Pitching for Helena Brewers : LHP Tony Salazar
|
|
Pitching: RHP Mark Frizzell
|
|
|
Batting: RHB Elias Vences
|
0-0: Swinging Strike 0-1: Foul Ball, location: 2F 0-2: Ball 1-2: Strikes out looking
|
|
Batting: RHB Max Stillo
|
0-0: Ball 1-0: Fly out, F8 (Flyball, 8LS, EV 93.8 MPH)
|
|
Batting: LHB Carlos Cuellar
|
0-0: Called Strike 0-1: Ball 1-1: SOLO HOME RUN (Flyball, 89XD, EV 108.1 MPH), Distance : 427 ft
|
|
Batting: RHB Bryan Pitcher
|
0-0: Ball 1-0: Ball 2-0: Called Strike 2-1: Ball 3-1: Hit by Pitch
|
|
Batting: SHB Isaiah Scates
|
0-0: Called Strike 0-1: Swinging Strike Passed Ball! Bryan Pitcher to second 0-2: Ball 1-2: Ball 2-2: Ball Wild Pitch! Bryan Pitcher to third 3-2: Intentional Walk
|
|
Pinch Hitting: LHB Conor Barron
|
0-0: Swinging Strike 0-1: Swinging Strike 0-2: Foul Ball, location: 2F 0-2: Ball 1-2: Ball 2-2: Strikes out swinging
|
| Top of the 7th over - 1 run, 1 hit, 0 errors, 2 left on base; San Diego (APP) 5 - Helena 5 |
| BOTTOM OF THE 7TH |
|
Helena Brewers batting - Pitching for San Diego (APP) Padres : LHP Dae-Jung Cho
|
|
Pitching: RHP Colin Dorsey
|
|
|
Now at 1B: Aaron Joseph
|
|
|
Batting: RHB Jesus Menjivar
|
0-0: Ball 1-0: Called Strike 1-1: Ball 2-1: Swinging Strike 2-2: Foul Ball, location: 2F 2-2: Ball 3-2: Fly out, F8 (Line Drive, 8LM, EV 91.2 MPH)
|
|
Batting: LHB Greg Reedy
|
0-0: Ball 1-0: Foul Ball, location: 2F 1-1: Foul Ball, location: 2F 1-2: Foul Ball, location: 2F 1-2: Ball 2-2: Foul Ball, location: 2F 2-2: SINGLE (Groundball, 4MD, EV 99.4 MPH)
|
|
Batting: RHB Jose Cerritos
|
0-0: SINGLE (Groundball, 56D, EV 106.2 MPH) Greg Reedy to second
|
|
Batting: RHB Victor Alarcon
|
0-0: Foul Ball, location: 2F 0-1: Called Strike 0-2: Ball 1-2: Foul Ball, location: 2F 1-2: Ball 2-2: Foul Ball, location: 2F 2-2: Foul Ball, location: 2F 2-2: Foul Ball, location: 2F 2-2: Foul Ball, location: 2F 2-2: Ball 3-2: Foul Ball, location: 2F 3-2: Foul Ball, location: 2F 3-2: Strikes out swinging
|
|
Pitching: RHP Eric Busby
|
|
|
Batting: RHB Ryan Miller
|
0-0: Ball 1-0: Called Strike 1-1: Ball 2-1: Called Strike 2-2: Ground out 4-3 (Groundball, 4, EV 83.8 MPH)
|
| Bottom of the 7th over - 0 runs, 2 hits, 0 errors, 2 left on base; San Diego (APP) 5 - Helena 5 |
| TOP OF THE 8TH |
|
San Diego (APP) Padres batting - Pitching for Helena Brewers : RHP Mark Frizzell
|
|
Batting: RHB Mike MacLeod
|
0-0: Called Strike 0-1: Called Strike 0-2: Ball 1-2: Ball 2-2: Foul Ball, location: 2F 2-2: Strikes out swinging
|
|
Pinch Hitting: RHB Kalidas Mishra
|
0-0: Called Strike 0-1: Foul Ball, location: 2F 0-2: Foul Ball, location: 2F 0-2: Ground out 5-3 (Groundball, 56S, EV 78.1 MPH)
|
|
Batting: RHB Hugo Montemayor
|
0-0: Ball 1-0: Called Strike 1-1: Foul Ball, location: 2F 1-2: Ball 2-2: Ball 3-2: Base on Balls
|
|
Batting: RHB Elias Vences
|
0-0: Called Strike 0-1: Called Strike 0-2: Strikes out swinging
|
| Top of the 8th over - 0 runs, 0 hits, 0 errors, 1 left on base; San Diego (APP) 5 - Helena 5 |
| BOTTOM OF THE 8TH |
|
Helena Brewers batting - Pitching for San Diego (APP) Padres : RHP Eric Busby
|
|
Now at C: Kalidas Mishra
|
|
|
Batting: LHB Karel Hort
|
0-0: Foul Ball, location: 2F 0-1: Ground out 4-3 (Groundball, 34D, EV 108.1 MPH)
|
|
Batting: RHB Alfredo Sena
|
0-0: Ball 1-0: Ball 2-0: Foul Ball, location: 2F 2-1: Foul Ball, location: 2F 2-2: Ball 3-2: Fly out, F7 (Line Drive, 7S, EV 90.6 MPH)
|
|
Batting: SHB Orlando Torres
|
0-0: Foul Ball, location: 2F 0-1: Called Strike 0-2: Foul Ball, location: 2F 0-2: Foul Ball, location: 2F 0-2: Ball 1-2: Fly out, F9 (Flyball, 9, EV 83.1 MPH)
|
| Bottom of the 8th over - 0 runs, 0 hits, 0 errors, 0 left on base; San Diego (APP) 5 - Helena 5 |
| TOP OF THE 9TH |
|
San Diego (APP) Padres batting - Pitching for Helena Brewers : RHP Mark Frizzell
|
|
Pitching: RHP Adam Robinson
|
|
|
Batting: RHB Max Stillo
|
0-0: DOUBLE (Line Drive, 8RXD, EV 112.5 MPH)
|
|
Batting: LHB Carlos Cuellar
|
0-0: Called Strike 0-1: Foul Ball, location: 2F 0-2: Strikes out swinging
|
|
Batting: RHB Bryan Pitcher
|
0-0: Ball 1-0: Ball 2-0: Called Strike 2-1: Hit by Pitch
|
|
Batting: SHB Isaiah Scates
|
0-0: Called Strike 0-1: Fielders Choice at 2nd, 6-4 (Groundball, 6D, EV 88.1 MPH) Max Stillo to third
|
|
Batting: RHB Aaron Joseph
|
0-0: Swinging Strike 0-1: Called Strike 0-2: Strikes out looking
|
| Top of the 9th over - 0 runs, 1 hit, 0 errors, 2 left on base; San Diego (APP) 5 - Helena 5 |
| BOTTOM OF THE 9TH |
|
Helena Brewers batting - Pitching for San Diego (APP) Padres : RHP Eric Busby
|
|
Pitching: RHP Mike Swenson
|
|
|
Batting: LHB Mark Backstrom
|
0-0: SINGLE (Flyball, 5D, EV 92.5 MPH)
|
|
Batting: RHB Jesus Menjivar
|
0-0: Bunted foul 0-1: Bunted foul 0-2: Strikes out swinging
|
|
Batting: LHB Greg Reedy
|
0-0: Ball 1-0: Foul Ball, location: 2F 1-1: Called Strike 1-2: Ball 2-2: Ball 3-2: Base on Balls Mark Backstrom to second
|
|
Batting: RHB Jose Cerritos
|
0-0: Swinging Strike 0-1: Sac Bunt to 5S - play at first, batter OUT! 5-4 Mark Backstrom to third Greg Reedy to second
|
|
Batting: RHB Victor Alarcon
|
0-0: Called Strike 0-1: Foul Ball, location: 2F 0-2: Strikes out swinging
|
| Bottom of the 9th over - 0 runs, 1 hit, 0 errors, 2 left on base; San Diego (APP) 5 - Helena 5 |
| TOP OF THE 10TH |
|
San Diego (APP) Padres batting - Pitching for Helena Brewers : RHP Adam Robinson
|
|
Batting: RHB Mike MacLeod
|
0-0: Ball 1-0: Called Strike 1-1: Ball 2-1: Ball 3-1: Base on Balls
|
|
Batting: RHB Kalidas Mishra
|
0-0: Ball 1-0: Ball 2-0: Bunted foul 2-1: Bunted foul 2-2: Ball 3-2: Ground out 5-3 (Groundball, 56S, EV 72.5 MPH) Mike MacLeod to second
|
|
Batting: RHB Hugo Montemayor
|
0-0: Called Strike 0-1: Foul Ball, location: 2F 0-2: Ball 1-2: Fly out, F1 (Line Drive, P, EV 70.0 MPH)
|
|
Batting: RHB Elias Vences
|
0-0: Called Strike 0-1: Foul Ball, location: 2F 0-2: Strikes out swinging
|
| Top of the 10th over - 0 runs, 0 hits, 0 errors, 1 left on base; San Diego (APP) 5 - Helena 5 |
| BOTTOM OF THE 10TH |
|
Helena Brewers batting - Pitching for San Diego (APP) Padres : RHP Mike Swenson
|
|
Batting: RHB Ryan Miller
|
0-0: Ball 1-0: Ground out U3 (Groundball, 3S, EV 88.1 MPH)
|
|
Batting: LHB Karel Hort
|
0-0: Foul Ball, location: 2F 0-1: Ball 1-1: Foul Ball, location: 2F 1-2: Foul Ball, location: 2F 1-2: Ball 2-2: Ball 3-2: Ground out 4-3 (Groundball, 34, EV 108.8 MPH)
|
|
Batting: RHB Alfredo Sena
|
0-0: Ball 1-0: Foul Ball, location: 2F 1-1: Ball 2-1: Ball 3-1: Foul Ball, location: 2F 3-2: DOUBLE (Groundball, 5L, EV 100.6 MPH)
|
|
Batting: SHB Orlando Torres
|
0-0: Intentional Walk
|
|
Batting: LHB Mark Backstrom
|
0-0: Ball 1-0: Ball 2-0: Ball 3-0: Called Strike 3-1: Fielders Choice at 2nd, U6 (Groundball, 6M, EV 99.4 MPH)
|
| Bottom of the 10th over - 0 runs, 1 hit, 0 errors, 2 left on base; San Diego (APP) 5 - Helena 5 |
| TOP OF THE 11TH |
|
San Diego (APP) Padres batting - Pitching for Helena Brewers : RHP Adam Robinson
|
|
Batting: RHB Max Stillo
|
0-0: Foul Ball, location: 2F 0-1: Ball 1-1: Foul Ball, location: 2F 1-2: Foul Ball, location: 2F 1-2: Strikes out looking
|
|
Batting: LHB Carlos Cuellar
|
0-0: Hit by Pitch
|
|
Batting: RHB Bryan Pitcher
|
0-0: Ball 1-0: Called Strike 1-1: Called Strike 1-2: Ball 2-2: Fly out, F9 (Flyball, 9S, EV 84.4 MPH)
|
|
Batting: SHB Isaiah Scates
|
0-0: Called Strike 0-1: Called Strike 0-2: Ball 1-2: Ball 2-2: Ball 3-2: Strikes out looking
|
| Top of the 11th over - 0 runs, 0 hits, 0 errors, 1 left on base; San Diego (APP) 5 - Helena 5 |
| BOTTOM OF THE 11TH |
|
Helena Brewers batting - Pitching for San Diego (APP) Padres : RHP Mike Swenson
|
|
Batting: RHB Jesus Menjivar
|
0-0: Swinging Strike 0-1: Ball 1-1: Ball 2-1: Ball 3-1: Base on Balls
|
|
Pitching: RHP Nick Goodlow
|
|
|
Batting: LHB Greg Reedy
|
0-0: Ball 1-0: Called Strike Jesus Menjivar steals 2nd base 1-1: Ball 2-1: Foul Ball, location: 2F 2-2: Ball 3-2: Foul Ball, location: 2F 3-2: Base on Balls
|
|
Batting: RHB Jose Cerritos
|
0-0: Ball 1-0: Ball 2-0: Fly out, F9 (Flyball, 9D, EV 83.8 MPH) Runner from 2nd tags up, SAFE at 3rd, no throw by RF
|
|
Batting: RHB Victor Alarcon
|
0-0: Called Strike 0-1: Ball 1-1: Foul Ball, location: 2F 1-2: Ball Wild Pitch! Jesus Menjivar scores
|
| Bottom of the 11th over - 1 run, 0 hits, 0 errors, 1 left on base; San Diego (APP) 5 - Helena 6 |
|